 Dungeon Crawl Stone Soup version 0.20.1-1-g8b1a95d (webtiles) character file.

7749 bosm the Quickloader (level 11, -5/87 HPs)
             Began as a Human Hunter on Aug 24, 2017.
             Was a Priest of Okawaru.
             Slain by a centaur warrior skeleton (6 damage)
             ... on level 10 of the Dungeon.
             The game lasted 00:41:44 (12773 turns).

bosm the Quickloader (Human Hunter)                Turns: 12773, Time: 00:41:44

Health: -5/87      AC: 15    Str: 13    XL:     11   Next: 43%
Magic:  15/15      EV:  7    Int: 11    God:    Okawaru [***...]
Gold:   540        SH:  0    Dex: 17    Spells: 6/10 levels left

rFire    . . .     SeeInvis +   d - -2 hand crossbow (curse)
rCold    . . .     Gourm    .   (no shield)
rNeg     . . .     Faith    .   p - +0 chain mail
rPois    .         Spirit   .   t - +2 hat
rElec    .         Reflect  .   (no cloak)
rCorr    .         Harm     +   b - +2 pair of gloves
MR       .....                  (no boots)
Stlth    ..........             C - amulet of harm
Regen    0.3/turn               k - +4 ring of slaying
MPRegen  0.2/turn               e - ring of see invisible

@: slowed, very slow
A: horns 1, agile 1, weak 1
a: Heroism, Renounce Religion


You were on level 10 of the Dungeon.
You worshipped Okawaru.
Okawaru was most pleased with you.
You were not hungry.

You visited 2 branches of the dungeon, and saw 12 of its levels.

You collected 540 gold pieces.

Inventory:

Hand Weapons
 a - a +1 whip of electrocution
 d - a cursed -2 hand crossbow (weapon)
 w - a +2 hand crossbow
Missiles
 D - 13 bolts (quivered)
Armour
 b - a +2 pair of gloves (worn)
 p - a +0 chain mail (worn)
 q - a +0 helmet of see invisible
 t - a +2 hat (worn)
Jewellery
 e - a ring of see invisible (right hand)
 g - an uncursed ring of wizardry
 k - a +4 ring of slaying (left hand)
 x - an uncursed ring of positive energy
 y - an uncursed ring of protection from magic
 C - an amulet of harm (around neck)
Wands
 c - a wand of paralysis (11/24)
 u - a wand of scattershot (0/9)
Scrolls
 i - 4 scrolls of identify
 m - 2 scrolls of amnesia
 s - 2 scrolls of immolation
Potions
 A - a potion of brilliance
Comestibles
 f - 6 bread rations
 j - 4 meat rations
 n - a royal jelly


   Skills:
 + Level 8.8 Fighting
 * Level 12.6 Crossbows
 - Level 5.2 Armour
 - Level 2.0 Dodging
 - Level 1.0 Stealth
 + Level 6.6 Invocations


You had 6 spell levels left.
You knew the following spells:

 Your Spells              Type           Power        Failure   Level  Hunger
e - Portal Projectile     Hex/Tloc       #.....       100%        3    ####...
q - Apportation           Tloc           #.....       100%        1    ##.....


Dungeon Overview and Level Annotations

Branches:
Dungeon (11/15)            Temple (1/1) D:7            Lair (0/6) D:9
    Orc: D:9-12

Altars:
Ashenzari
Cheibriados
Dithmenos
Elyvilon
Fedhas
Gozag
Hepliaklqana
Kikubaaqudgha
Makhleb
Nemelex Xobeh
Okawaru
Qazlal
Ru
Sif Muna
Trog
Uskayaw
Vehumet
Xom
Yredelemnul
Zin
The Shining One

Shops:
D:5 (   D:10 =

Portals:
Trove: D:10 (give +3 shadow dragon scales)

Annotations:
D:9 appiemonkey's ghost, novice TrHu
D:10 ThereIsNoGod's ghost, journeyman DrIE


Innate Abilities, Weirdness & Mutations

You have a pair of small horns on your head.
You are agile. (Dex +2)
You are weak. (Str -2)


Message History

You are lethally poisoned!
You feel as though you will be slow longer.
The centaur warrior skeleton hits you but does no damage.
* * * LOW HITPOINT WARNING * * *
You feel sick. The hornet barely misses you.
The centaur warrior skeleton hits you.
* * * LOW HITPOINT WARNING * * *
The hornet barely misses you.
You feel better. The hornet completely misses you.
The centaur warrior skeleton barely misses you.
The hornet stings you but does no damage.
The troll bites you.
* * * LOW HITPOINT WARNING * * *
The troll claws you.
* * * LOW HITPOINT WARNING * * *
The troll claws you but does no damage. The centaur warrior skeleton hits you.
* * * LOW HITPOINT WARNING * * *
The hornet stings you but does no damage.
The centaur warrior skeleton hits you.
You die...

#...# #..# #...# #..#
#####...##########..#
....................#
....T.#############.#
####..# #.# #..# #.#
####..#############.#
..............Hy@...#
.........)....OZT...#
####............W...#
#...###########..#
####...###########..#
....................#
........##########..#
........##########..#
....................#


You could see a two-headed ogre, a hippogriff, a troll, a hornet, ThereIsNoGod's
ghost and a centaur warrior skeleton.

Vanquished Creatures
  2 two-headed ogres
  2 trolls
  3 hippogriffs (D:8)
  Sigmund (D:4)
  2 wyverns
  3 hungry ghosts
  Edmund (D:4)
  4 porcupines
  A sky beast (D:8)
  An ice beast (D:8)
  An orc warrior (D:8)
  4 ogres
  3 centaurs
  A crocodile (D:9)
  2 big kobolds
  5 bullfrogs
  4 scorpions
  11 killer bees (D:8)
  5 wights (D:9)
  3 howler monkeys (D:9)
  4 crimson imps
  A centaur zombie (D:10)
  A quasit (D:6)
  A bullfrog zombie (D:8)
  A gnoll shaman (D:5)
  6 hounds
  3 jellies
  4 orc priests
  2 bullfrog skeletons
  A centaur skeleton (D:8)
  Natasha (thrice) (D:2)
  An iguana (D:4)
  4 orc wizards
  11 worker ants
  3 hound zombies
  2 hound skeletons
  A worker ant zombie (D:7)
  Robin (D:4)
  11 gnolls
  A howler monkey skeleton (D:5)
  A river rat (D:5)
  21 adders
  An adder skeleton (D:4)
  An adder zombie (D:8)
  2 worms
  4 leopard geckos
  33 orcs
  3 ball pythons
  7 giant cockroaches
  14 goblins
  12 hobgoblins
  14 jackals
  13 kobolds
  5 quokkas
  9 bats
  2 frilled lizards (D:2)
  A quokka zombie (D:6)
  4 rats
  A bush (D:2)
269 creatures vanquished.

Vanquished Creatures (others)
  A bush (D:9)
  7 plants (D:9)
8 creatures vanquished.

Grand Total: 277 creatures vanquished

Notes
Turn   | Place    | Note
-------+----------+-------------------------------------------
     0 | D:1      | bosm the Human Hunter began the quest for the Orb.
     0 | D:1      | Reached XP level 1. HP: 16/16 MP: 1/1
   336 | D:1      | Reached XP level 2. HP: 22/22 MP: 2/2
   690 | D:1      | Reached XP level 3. HP: 13/28 MP: 3/3
  1188 | D:2      | Noticed Natasha
  1199 | D:2      | Killed Natasha
  1199 | D:2      | Reached skill level 5 in Crossbows
  1199 | D:2      | Reached skill level 1 in Armour
  1199 | D:2      | Reached XP level 4. HP: 31/34 MP: 4/4
  1403 | D:2      | Noticed Natasha
  1410 | D:2      | Killed Natasha
  1433 | D:2      | Noticed Natasha
  1436 | D:2      | Killed Natasha
  1436 | D:2      | Reached XP level 5. HP: 41/41 MP: 5/5
  2757 | D:3      | Reached XP level 6. HP: 39/47 MP: 6/6
  3076 | D:3      | Reached skill level 6 in Crossbows
  3304 | D:3      | Gained mutation: You are resistant to hostile enchantments. (MR+) [potion of mutation]
  3304 | D:3      | Gained mutation: You have a pair of small horns on your head. [potion of mutation]
  3425 | D:4      | Lost mutation: You are resistant to hostile enchantments. (MR+) [potion of mutation]
  3425 | D:4      | Lost mutation: You have a pair of small horns on your head. [potion of mutation]
  3425 | D:4      | Gained mutation: You have a pair of small horns on your head. [potion of mutation]
  3425 | D:4      | Gained mutation: You are weak. (Str -2) [potion of mutation]
  3425 | D:4      | Gained mutation: You are agile. (Dex +2) [potion of mutation]
  3468 | D:4      | Noticed an ogre
  3472 | D:4      | Killed an ogre
  3472 | D:4      | Reached XP level 7. HP: 52/52 MP: 7/7
  3572 | D:4      | Found a shimmering altar of Xom.
  3726 | D:4      | Noticed Sigmund
  3729 | D:4      | Noticed Robin
  3769 | D:4      | Killed Robin
  3774 | D:4      | Killed Sigmund
  3988 | D:4      | Found a sparkling altar of Nemelex Xobeh.
  4006 | D:4      | Reached skill level 7 in Crossbows
  4114 | D:4      | Reached XP level 8. HP: 39/61 MP: 8/8
  4246 | D:4      | Noticed Edmund
  4277 | D:4      | Killed Edmund
  4444 | D:5      | Entered Level 5 of the Dungeon
  4644 | D:4      | Reached skill level 5 in Fighting
  5055 | D:5      | Reached skill level 8 in Crossbows
  5274 | D:5      | Found Rudu Foe's Antique Weapon Boutique.
  5354 | D:5      | Found a bloodstained altar of Trog.
  5759 | D:6      | Found a shattered altar of Ashenzari.
  5799 | D:6      | Reached XP level 9. HP: 27/68 MP: 9/9
  5943 | D:6      | Reached skill level 5 in Armour
  6054 | D:6      | Found a glowing silver altar of Zin.
  6147 | D:6      | Found a stormy altar of Qazlal.
  6277 | D:6      | Reached skill level 9 in Crossbows
  6599 | D:7      | Found a staircase to the Ecumenical Temple.
  6619 | Temple   | Entered the Ecumenical Temple
  6627 | Temple   | Became a worshipper of Warmaster Okawaru
  7041 | D:7      | Reached skill level 1 in Invocations
  7901 | D:8      | Reached * piety under Okawaru
  8296 | D:8      | Reached skill level 10 in Crossbows
  8299 | D:8      | Noticed a hippogriff
  8302 | D:8      | Noticed a hippogriff
  8314 | D:8      | Killed a hippogriff
  8325 | D:8      | Killed a hippogriff
  8325 | D:8      | Reached XP level 10. HP: 50/77 MP: 12/12
  8701 | D:8      | Learned a level 3 spell: Portal Projectile
  8703 | D:8      | Learned a level 1 spell: Apportation
  8806 | D:8      | Noticed a two-headed ogre
  8812 | D:8      | Killed a two-headed ogre
  8812 | D:8      | Reached ** piety under Okawaru
  8812 | D:8      | Reached skill level 11 in Crossbows
  9292 | D:8      | Found a snail-covered altar of Cheibriados.
  9292 | D:8      | Found a hide-covered altar of Uskayaw.
  9294 | D:8      | Found a deep blue altar of Sif Muna.
  9296 | D:8      | Found a white marble altar of Elyvilon.
  9656 | D:9      | Noticed a two-headed ogre
  9730 | D:8      | Reached skill level 5 in Invocations
 10072 | D:9      | Killed a two-headed ogre
 10072 | D:9      | Reached *** piety under Okawaru
 10072 | D:9      | Reached XP level 11. HP: 77/86 MP: 13/15
 10131 | D:9      | Found a staircase to the Lair.
 10226 | D:9      | Reached skill level 12 in Crossbows
 10240 | D:9      | Noticed a two-headed ogre
 10595 | D:9      | Found a blossoming altar of Fedhas.
 11047 | D:9      | Noticed appiemonkey's ghost (novice TrHu)
 11060 | D:9      | Noticed a two-headed ogre
 11686 | D:10     | Entered Level 10 of the Dungeon
 11723 | D:10     | Found a portal to a secret trove of treasure.
 11840 | D:10     | Found Vuluddeana's Jewellery Shoppe.
 12035 | D:10     | Noticed ThereIsNoGod's ghost (journeyman DrIE)
 12673 | D:10     | Got a fine dagger
 12674 | D:10     | Identified the +8 dagger of Remelyil {vamp, rC- Dex+4} (You found it on level 10 of the Dungeon)
 12756 | D:10     | Noticed a two-headed ogre
 12772 | D:10     | HP: 1/87 [centaur warrior skeleton (4)]
 12773 | D:10     | Slain by a centaur warrior skeleton

Skill      XL: |  1  2  3  4  5  6  7  8  9 10 11 |
---------------+----------------------------------+-----
Crossbows      | 5 6 7 8 10 11 12 | 12.6
Armour         | 1 2 3 4 5 |  5.2
Fighting       | 3 4 5 6 8 |  8.8
Invocations    | 3 5 6 |  6.6
Dodging        | |  2.0
Stealth        | |  1.0

Action                   |  1- 3 |  4- 6 |  7- 9 | 10-12 || total
-------------------------+-------+-------+-------+-------++-------
Melee: Short sword       |    73 |   304 |       |       ||   377
       Flail             |       |    63 |   120 |       ||   183
       Headbutt          |       |       |    78 |    29 ||   107
       Whip              |       |       |   255 |   117 ||   372
       Hand crossbow     |       |       |       |    27 ||    27
 Fire: Hand crossbow     |    32 |    96 |   130 |   195 ||   453
Throw: Throwing net      |       |       |     1 |       ||     1
Invok: Heroism           |       |       |     1 |    13 ||    14
Evoke: Wand              |       |       |       |     5 ||     5
  Use: Scroll            |     1 |     4 |     6 |    12 ||    23
       Potion            |       |     9 |     4 |     6 ||    19
 Stab: Sleeping          |     2 |       |       |       ||     2
       Paralysed         |       |       |       |     7 ||     7
  Eat: Chunk             |     1 |     8 |    15 |     6 ||    30
       Fruit             |       |       |       |    12 ||    12
       Royal jelly       |       |       |       |     1 ||     1
Armor: Leather armour    |     7 |       |       |       ||     7
       Scale mail        |    47 |    86 |       |       ||   133
       Chain mail        |       |       |   406 |   221 ||   627
Dodge: Dodged            |    53 |   110 |   182 |   148 ||   493
